 Dungeon Crawl Stone Soup version 0.28-a0-938-gbc3f381ebc (webtiles) character file.

Game seed: 17089341037022579456

85 Hipnos the Magician (level 4, -10/33 HPs)
             Began as a Djinni Ice Elementalist on Nov 28, 2021.
             Mangled by an orc warrior (14 damage)
             ... on level 3 of the Dungeon.
             The game lasted 00:04:29 (2978 turns).

Hipnos the Magician (Djinni Ice Elementalist)       Turns: 2978, Time: 00:04:30

Health: -10/33     AC:  3    Str:  4 (7)  XL:     4   Next: 75%
Gold:   111        EV: 12    Int: 18      God:
                   SH:  0    Dex: 13

rFire   + + .      SeeInvis .   c - +1 whip (venom)
rCold   x . .      Faith    .   (no shield)
rNeg    . . .      Spirit   .   a - +0 robe
rPois   ∞          Reflect  .   d - +0 helmet
rElec   .          Harm     .   (no cloak)
rCorr   .          Rampage  .   (no gloves)
Will    .....                   (boots unavailable)
Stlth   ++........              (no amulet)
HPRegen 0.11/turn               (no ring)
MPRegen 0.00/turn               (no ring)

@: flying
A: sickness immunity, fire resistance 2, cold vulnerability 1, float, innate
caster, hp casting, extra vitality 1
a: no special abilities


You were on level 3 of the Dungeon.
You visited 1 branch of the dungeon, and saw 3 of its levels.

You collected 111 gold pieces.

Inventory:

Hand Weapons
 b - a +0 dagger
 c - a +1 whip of venom (weapon)
Armour
 a - a +0 robe (worn)
 d - a +0 helmet (worn)
Jewellery
 l - an amulet of faith
Scrolls
 e - a scroll of identify
 f - a scroll of magic mapping {unknown}
 h - a scroll of teleportation {unknown}
 j - a scroll of enchant weapon {unknown}
Potions
 g - a potion of haste
 i - a potion of attraction {unknown}
 k - a potion of brilliance {unknown}


   Skills:
 * Level 1.7 Fighting
 + Level 2.3 Dodging
 - Level 1.5 Stealth
 + Level 4.2 Spellcasting


You couldn't memorise any spells.
You knew the following spells:

 Your Spells              Type           Power      Damage    Failure   Level
a - Freeze                Ice            76%        1d9       2%          1
b - Frozen Ramparts       Ice            38%        1d5       8%          3
c - Ozocubu's Armour      Ice            19%        N/A       8%          3
d - Hailstorm             Conj/Ice       19%        3d6       26%         4
e - Foxfire               Conj/Fire      76%        2x1d7     2%          1
Your spell library was empty.

Dungeon Overview and Level Annotations

Branches:
Dungeon (3/15)

Altars:


Innate Abilities, Weirdness & Mutations

You are immune to sickness and miasma.
You are immune to poison.
Your flesh is very heat resistant. (rF++)
You are vulnerable to cold. (rC-)
You float through the air rather than walking.
You learn spells naturally, not from books.
Your magical power is your life essence.
You have superior vitality. (+4 HP)


Message History

Found a stone staircase leading down.
There is a stone staircase leading down here.
Key pressed, stopping explore.
A hobgoblin comes into view.
A hobgoblin is nearby!
A hobgoblin is nearby!
The hobgoblin shouts!
You see here 11 gold pieces.
Found a scroll labelled ETUJ ATRUBAACI.
The hobgoblin hits you.
You freeze the hobgoblin.
The hobgoblin is severely wounded.
The hobgoblin hits you but does no damage.
You freeze the hobgoblin.
You kill the hobgoblin!
You can't see any susceptible monsters within range! (Use Z to cast anyway.)
You now have 111 gold pieces (gained 11).
e - 2 scrolls labelled ETUJ ATRUBAACI (gained 1)
Found a club.
An orc warrior comes into view. It is wielding a +0 halberd.
An orc warrior is nearby!
An orc warrior is nearby!
The orc warrior shouts!
You hear a shout!
A water moccasin comes into view.
The orc warrior closely misses you.
You freeze the orc warrior.
The orc warrior is lightly wounded.
The orc warrior hits you with a +0 halberd!
You freeze the orc warrior.
The orc warrior is lightly wounded.
The water moccasin bites you! The orc warrior barely misses you.
An orc comes into view. It is wielding a +0 short sword.
The water moccasin bites you.
* * * LOW HITPOINT WARNING * * *
The orc warrior barely misses you.
As you read the scroll labelled ETUJ ATRUBAACI, it crumbles to dust.
It is a scroll of identify.
g - a potion of haste The water moccasin misses you.
The orc warrior hits you from afar with a +0 halberd!
You die...

## .....##..###.####.. .
.###....##............
.. .......##..###.####..
#. .........†.##.......
.#..#...................
........o###....#..###..
.#..##.o.# #....#..#
.......S.###....#..###..
......)@........#.......
##..##.............# #.
##..###.#..#<.# #..
#......#..#..###..
#..###.#..#....... ..
##..###.#..#.####..
..##..........#.......
#..............######..
.......................


You could see an orc warrior, a water moccasin and an orc.

Vanquished Creatures
  Robin (D:2)
  An adder (D:2)
  2 worms
  2 dart slugs
  4 bats
  3 endoplasms
  5 giant cockroaches
  8 goblins
  7 hobgoblins
  5 kobolds
  2 quokkas
  6 ball pythons
  4 frilled lizards
  3 rats
53 creatures vanquished.

Notes
Turn   | Place    | Note
-------+----------+-------------------------------------------
     0 | D:1      | Hipnos the Djinni Ice Elementalist began the quest for the
                  | Orb.
     0 | D:1      | Reached XP level 1. HP: 15/15 MP: 0/0
    41 | D:1      | Found a faded altar of an unknown god.
   263 | D:1      | Reached XP level 2. HP: 21/22 MP: 0/0
   419 | D:1      | Reached skill level 1 in Fighting
   503 | D:1      | Reached XP level 3. HP: 3/27 MP: 0/0
   503 | D:1      | Learned a level 1 spell: Foxfire
  1368 | D:2      | Noticed Robin
  1373 | D:2      | Reached skill level 4 in Spellcasting
  1377 | D:2      | Reached XP level 4. HP: 1/32 MP: 0/0
  1379 | D:2      | Killed Robin
  2971 | D:3      | Noticed an orc warrior
  2972 | D:3      | Noticed a water moccasin
  2978 | D:3      | Mangled by an orc warrior

Illustrated notes

Levels and vault maps discovered:
D:1:      dpeg_arrival_rooms_a, layout_rooms, basic_ecumenical_altar
D:2:      layout_basic, serial_rivers, chequers_serial_rivers_micro_c,
          chequers_serial_rivers_small_a, chequers_serial_rivers_small_3,
          chequers_serial_rivers_large_b, chequers_serial_rivers_micro_d,
          uniq_robin
D:3:      layout_basic, slow_altar_2, tgw_trog, hangedman_decor_clover_reticule,
          minmay_diced_spiral

Skill      XL: |  1  2  3 |
---------------+----------+-----
Fighting       | 1 |  1.7
Spellcasting   | 4 |  4.2
Dodging        | |  2.3
Stealth        | |  1.5

Action                   |  1- 3 |  4- 6 || total
-------------------------+-------+-------++-------
Melee: Unarmed           |     6 |       ||     6
       Dagger            |     5 |     3 ||     8
       Whip              |       |    11 ||    11
 Cast: Freeze            |    47 |    28 ||    75
       Ozocubu's Armour  |     1 |     1 ||     2
       Frozen Ramparts   |     1 |     1 ||     2
  Use: Potion            |     2 |       ||     2
       Scroll            |       |     1 ||     1
Armor: Robe              |     5 |    11 ||    16
       Skin              |     1 |       ||     1
Dodge: Dodged            |    35 |    27 ||    62

Table legend: (Time is in decaauts)
 A = Elapsed time spent in this place.
 B = Non-inter-level travel time spent in this place.
 C = Inter-level travel time spent in this place.
 D = Time resting spent in this place.
 E = Time spent auto-exploring this place.
 F = Levels seen in this place.
 G = Mean time per level.
                   A        B        C        D        E       F      G
               +--------+--------+--------+--------+--------+-----+--------+
         Total |   2977 |   2927 |     50 |    577 |   1899 |   3 |  992.3 |
       Dungeon |   2977 |   2927 |     50 |    577 |   1899 |   3 |  992.3 |
               +--------+--------+--------+--------+--------+-----+--------+

Top non-repeatable levels by time:
     D:2: 1416 daAuts
     D:1: 1063 daAuts
     D:3: 497 daAuts
